Map: Kairos Junction LE

Players

ненавижусокр

  • Race: Terran Terran
  • Spawn Location: 11:00

Takker - Winner!

  • Race: Protoss Protoss
  • Spawn Location: 5:00

VOD

Have the link to the VOD?

Description

Time

  • Played on: May 26, 2019, 5:55 p.m.
  • Length: 14:59
Show
View Real Time Build Order
Export as new Build Order

ненавижусокр Terran 

Build Orders:  

Get SALT Encoding   

  12  0:03  SCV  
  13  0:15  SCV  
  14  0:27  SCV  
  15  0:29  Supply Depot  
  15  0:50  SCV  
  15  0:55  Refinery  
  16  1:02  SCV, Supply Depot  
  17  1:19  Barracks  
  17  1:20  SCV  
  17  1:24  Supply Depot  
  18  1:32  SCV  
  19  1:44  SCV  
  20  1:56  SCV  
  20  1:57  Engineering Bay  
  20  2:01  Refinery  
  21  2:07  Barracks  
  22  2:08  SCV  
  22  2:54  Barracks Reactor  
  22  2:56  Barracks  
  22  3:03  Barracks Tech Lab  
  22  3:07  Terran Infantry Weapons Level 1, Factory  
  22  3:11  SCV  
  23  3:26  Combat Shield  
  24  3:30  Orbital Command  
  23  3:35  Marine x2  
  25  3:52  Marine  
  25  3:53  Marine  
  25  3:54  Barracks Reactor  
  27  4:10  Barracks  
  27  4:21  Marine x3  
  30  4:31  Barracks  
  30  4:33  Marine x2  
  32  4:39  Marine  
  32  4:40  Marauder  
  35  4:47  Factory Reactor  
  35  4:51  Marine x2  
  37  4:53  Marine  
  37  4:57  Marine  
  37  4:58  Barracks  
  39  5:20  Supply Depot  
  39  5:29  Barracks Reactor  
  39  5:41  Marine x2  
  39  5:42  Marauder  
  43  5:44  Supply Depot  
  43  5:59  Marine x2  
  43  6:03  Marauder  
  47  6:07  Supply Depot  
  47  6:08  Barracks Reactor  
  47  6:10  Command Center  
  47  6:13  Barracks Reactor  
  47  6:17  Marine x2  
  49  6:29  Supply Depot  
  49  6:34  Starport  
  49  6:35  Marine  
  50  6:46  Marauder  
  50  6:47  Marine  
  53  7:01  Supply Depot  
  53  7:09  Marine x2  
  55  7:18  Medivac  
  57  7:24  Supply Depot  
  57  7:34  SCV  
  58  7:47  SCV  
  58  7:48  Refinery  
  59  7:51  Starport Reactor  
  59  7:55  Marine x2  
  61  7:59  SCV  
  62  8:11  SCV  
  62  8:28  Marine x3  
  62  8:30  Marine  
  62  8:32  Medivac x2  
  53  8:46  Marine  
  45  8:52  Marine x3  
  45  8:53  Marine x2  
  44  8:56  SCV  
  44  9:02  Medivac, Refinery  
  45  9:08  SCV, Hellion  
  45  9:09  Hellion  
  50  9:18  Marine x3  
  50  9:20  SCV, Marine  
  55  9:32  SCV  
  56  9:41  Marine x3  
  56  9:44  SCV  
  60  9:57  SCV  
  61  10:31  Marine x3  
  61  10:32  Marine x4  
  51  10:49  Marine x4  
  54  10:50  Marine x2  
  54  10:51  Marauder, Marine  
  60  10:59  Medivac  
  62  11:05  SCV  
  62  11:07  Marine x2  
  62  11:08  Marine  
  62  11:09  Marine  
  67  11:12  Marauder  
  69  11:25  Marine x3  
  70  11:27  Marine  
  70  11:31  Marine x5  
  70  11:32  Marine  
  79  11:33  Marauder  
  81  11:43  Marine x3  
  81  11:45  Marine  
  81  11:46  Medivac x2  
  89  11:48  Marine  
  89  11:49  Marine x5  
  95  11:55  Marauder  
  95  12:01  Marine x3  
  92  12:10  Marine x3  
  72  12:15  Medivac  
  72  12:16  Marauder  
  42  12:51  Reaper, Marine  
  42  12:52  Marine x4  
  43  13:00  Marine  
  40  13:09  Marine x2  
  40  13:10  Marine x3  
  45  13:18  Marine  
  33  13:23  Marine  
  34  13:27  Marine x3  
  34  13:28  Marine  
  38  14:07  Command Center  
  16  14:13  Marine  
  16  14:14  Marine  
Show
View Real Time Build Order
Export as new Build Order

Takker Protoss - Winner!

Build Orders:  

Get SALT Encoding   

  12  0:03  Probe  
  13  0:15  Probe  
  14  0:23  Pylon  
  14  0:27  Probe  
  15  0:38  Assimilator  
  15  0:41  Probe  
  16  0:44  Assimilator  
  16  0:53  Gateway  
  16  0:57  Probe  
  17  1:05  Probe  
  18  1:13  Probe  
  19  1:21  Probe  
  20  1:33  Probe  
  21  1:41  Zealot  
  23  1:56  Pylon  
  23  2:01  Pylon  
  23  2:08  Zealot, Pylon  
  23  2:13  Pylon  
  23  2:14  Probe  
  26  2:26  Probe  
  27  2:32  Zealot  
  29  2:39  Probe  
  30  2:48  Nexus  
  30  2:51  Probe  
  31  2:53  Assimilator  
  31  3:03  Probe  
  32  3:15  Probe  
  33  3:22  Zealot  
  35  3:27  Probe  
  36  3:37  Forge  
  36  3:45  Cybernetics Core, Probe  
  37  3:49  Zealot  
  39  3:57  Probe  
  40  4:09  Probe  
  41  4:17  Zealot  
  43  4:21  Probe  
  44  4:29  Stargate  
  44  4:30  Stargate  
  44  4:33  Gateway  
  44  4:34  Probe  
  44  4:35  Pylon  
  44  4:36  Pylon  
  45  4:38  Probe  
  45  4:39  Zealot  
  45  4:45  Probe  
  48  4:49  Probe  
  50  4:53  Probe  
  50  4:58  Probe  
  51  5:01  Probe  
  51  5:06  Probe  
  54  5:24  Warp Gate  
  54  5:36  Protoss Shields Level 1  
  53  5:46  Pylon  
  53  5:47  Void Ray  
  53  5:48  Void Ray  
  53  5:49  Pylon  
  61  5:55  Sentry x2  
  65  6:07  Probe  
  65  6:09  Probe  
  67  6:19  Probe  
  67  6:21  Assimilator, Probe  
  69  6:28  Zealot x2  
  69  6:30  Void Ray  
  69  6:31  Void Ray  
  69  6:32  Probe  
  82  6:33  Probe  
  83  6:45  Probe  
  84  6:55  Stalker x2  
  84  6:57  Probe  
  89  7:07  Assimilator  
  89  7:08  Assimilator  
  89  7:10  Probe  
  89  7:11  Nexus  
  89  7:14  Pylon  
  90  7:17  Pylon  
  90  7:25  Stalker x2  
  94  7:31  Protoss Air Weapons Level 1  
  94  7:34  Photon Cannon  
  94  7:35  Photon Cannon  
  94  7:44  Protoss Ground Weapons Level 1  
  94  7:52  Photon Cannon  
  94  7:54  Photon Cannon x2  
  94  7:55  Stalker, Photon Cannon  
  96  7:59  Photon Cannon  
  96  8:19  Sentry  
  82  8:57  Gateway  
  82  8:59  Gateway  
  82  9:01  Gateway  
  82  9:06  Pylon  
  82  9:10  Pylon  
  82  9:12  Pylon  
  82  9:19  Void Ray x2  
  90  9:26  Stalker x2  
  94  9:40  Protoss Air Armor Level 1  
  94  9:43  Pylon  
  94  9:50  Pylon  
  94  9:53  Protoss Ground Armor Level 1  
  94  9:57  Pylon  
  94  9:59  Stalker x2  
  98  10:00  Stalker x3  
  98  10:02  Void Ray x2  
  98  10:04  Pylon  
  112  10:08  Pylon  
  112  10:25  Nexus  
  112  10:43  Stalker  
  112  10:44  Stalker x4  
  112  10:45  Void Ray x2  
  130  10:50  Nexus  
  130  10:53  Assimilator  
  130  10:54  Probe x2  
  130  10:55  Assimilator  
  132  11:12  Fleet Beacon  
  132  11:18  Pylon  
  132  11:22  Pylon  
  132  11:27  Void Ray  
  132  11:28  Void Ray  
  136  12:34  Stalker x2  
  136  12:35  Stalker x3  
  146  12:39  Pylon  
  132  13:02  Stalker x4  
  132  13:03  Stalker  
  136  13:27  Carrier x2  
  136  13:31  Stalker x5  
  158  13:44  Probe  
  159  13:56  Probe  
  159  13:57  Sentry x3  
  166  14:08  Probe  
  167  14:20  Probe  
  168  14:32  Probe  
  181  14:57  Pylon  
Tags
 
Add a new tag
Caveats
  • Supply blocks, unpowered buildings, or Contaminate may cause inaccurate times.
  • Supply counts are checked every 10 seconds.